 Dungeon Crawl Stone Soup version 0.29.1-13-g9f3cf754e1 (webtiles) character file.

Game seed: 15964312007938415782

12 KittyFluff the Trooper (level 2, -9/19 HPs)
             Began as a Gargoyle Berserker on Feb 7, 2023.
             Was a Follower of Trog.
             Mangled by a gnoll
             ... wielding a +0 flail
              (10 damage)
             ... on level 1 of the Dungeon.
             The game lasted 00:02:18 (638 turns).

KittyFluff the Trooper (Gargoyle Berserker)          Turns: 638, Time: 00:02:19

Health: -9/19      AC:  5    Str: 20    XL:     2   Next: 33%
Magic:  2/2        EV: 11    Int:  7    God:    Trog [*.....]
Gold:   48         SH:  0    Dex:  9    Spells: 1/1 levels left

rFire   . . .      SeeInvis .   a - +0 mace
rCold   . . .      Faith    .   (no shield)
rNeg    + . .      Spirit   .   b - +0 animal skin
rPois   ∞          Reflect  .   (no helmet)
rElec   +          Harm     .   (no cloak)
rCorr   .          Rampage  .   (no gloves)
Will    .....                   (no boots)
Stlth   +.........              (no amulet)
HPRegen 0.06/turn               (no ring)
MPRegen 0.08/turn               (no ring)

@: no status effects
A: sickness immunity, AC +2, negative energy resistance 1, electricity
resistance, torment resistance 1, petrification resistance
a: Renounce Religion, Berserk


You were on level 1 of the Dungeon.
You worshipped Trog.
Trog was aware of your devotion.
You visited 1 branch of the dungeon, and saw 1 of its levels.

You collected 48 gold pieces.

Inventory:

Hand Weapons
 a - a +0 mace (weapon)
Missiles
 c - 2 curare-tipped darts (quivered)
 g - 6 stones
Armour
 b - a +0 animal skin (worn)
Potions
 d - a potion of brilliance {unknown}
 e - a potion of heal wounds {unknown}
 f - a potion of curing {unknown}


   Skills:
 + Level 3.5 Fighting
 + Level 3.2 Maces & Flails
 * Level 2.5 Armour
 + Level 1.6 Dodging


You had one spell level left.
You didn't know any spells.
Your spell library was empty.

Dungeon Overview and Level Annotations

Branches:
Dungeon (1/15)

Altars:


Innate Abilities, Weirdness & Mutations

You are immune to sickness and miasma.
Your stone body is resilient. (AC +2)
You are immune to poison.
You resist negative energy. (rN+)
You are resistant to electric shocks. (rElec)
You are resistant to unholy torment.
You are immune to petrification.


Message History

The kobold is heavily wounded.
The kobold hits you but does no damage. The kobold barely misses you.
You closely miss the kobold.
The kobold is heavily wounded.
The kobold hits you but does no damage.
You sock the kobold!
You kill the kobold!
Trog accepts your kill.
Things that are here:
a +0 dagger; a kobold corpse A quokka comes into view.
The quokka misses you.
You hit the quokka.
The quokka is almost dead.
The quokka bites you.
You thump the quokka!
You kill the quokka!
Trog accepts your kill.
You see here a quokka corpse.
A goblin comes into view. It is wielding a +0 club.
The goblin shouts!
A gnoll comes into view. It is wielding a +0 flail.
The gnoll shouts!
You sock the goblin!
You kill the goblin!
Trog accepts your kill.
You see here a +0 club.
You hit the gnoll but do no damage. The gnoll closely misses you.
You barely miss the gnoll. The gnoll hits you with a +0 flail.
You closely miss the gnoll. The gnoll hits you with a +0 flail.
The gnoll hits you but does no damage.
You sock the gnoll!
The gnoll is heavily wounded.
The gnoll hits you with a +0 flail.
* * * LOW HITPOINT WARNING * * *
You barely miss the gnoll.
The gnoll is heavily wounded.
The gnoll hits you with a +0 flail!
Ouch! That really hurt!
You die...

######
############
#.....
......g@)..#
#.####
##########.#
#.# # #.#
#.# # #.#
#.# # #.#
#.# # #.#
#.# # #†#
#.# #
#.########.#
#
#..........#
#


You could see a gnoll.

Vanquished Creatures
  A bat (D:1)
  2 endoplasms (D:1)
  2 goblins (D:1)
  2 jackals (D:1)
  A kobold (D:1)
  A quokka (D:1)
9 creatures vanquished.

Notes
Turn   | Place    | Note
-------+----------+-------------------------------------------
     0 | D:1      | KittyFluff the Gargoyle Berserker began the quest for the
                  | Orb.
     0 | D:1      | Reached XP level 1. HP: 14/14 MP: 1/1
   406 | D:1      | Reached XP level 2. HP: 15/19 MP: 2/2
   416 | D:1      | Found a faded altar of an unknown god.
   417 | D:1      | Noticed a floating eye
   531 | D:1      | Noticed a great orb of eyes
   531 | D:1      | Noticed a floating eye
   531 | D:1      | Noticed a great orb of eyes
   638 | D:1      | Mangled by a gnoll

Illustrated notes

Levels and vault maps discovered:
D:1:      minmay_arrival_split_and_join, layout_loops_ring,
          hellmonk_ecumenical_altar_watching_god, chequers_decorated_corner

Action                   || total
-------------------------++-------
Melee: Mace              ||    37
Armor: Animal skin       ||    21
Dodge: Dodged            ||    25
